 Dungeon Crawl Stone Soup version 0.18.1-1-g2f07953 (webtiles) character file.

51 Tarnath the Grave Robber (level 3, 7/24 HPs)
             Began as a Vampire Necromancer on May 5, 2016.
             Quit the game on level 2 of the Dungeon on May 6, 2016.
             The game lasted 00:07:41 (1370 turns).

Tarnath the Grave Robber (Vampire Necromancer)      Turns: 1370, Time: 00:07:42

Health: 7/24       AC:  2    Str:  7    XL:     3   Next: 58%
Magic:  2/7        EV: 12    Int: 18    God:
Gold:   62         SH:  0    Dex: 14    Spells: 2 memorised, 5 levels left

rFire  . . .     SeeInvis +     d - +4 whip
rCold  . . .     Gourm    .     a - +0 robe
rNeg   + . .     Faith    .     (no shield)
rPois  .         Spirit   .     (no helmet)
rElec  .         Dismiss  .     (no cloak)
rCorr  .         Reflect  .     (no gloves)
SustAt .         Harm     .     (no boots)
MR     .....                    (no amulet)
Stlth  ++........               (no ring)
                                (no ring)

@: not resistant to hostile enchantments, unstealthy
A: fangs 3, see invisible, unbreathing
a: Bat Form


You were on level 2 of the Dungeon.
You were not thirsty.

You visited 1 branch of the dungeon, and saw 2 of its levels.

You collected 62 gold pieces.

Inventory:

Hand Weapons
 d - a +4 whip (weapon)
Armour
 a - a +0 robe (worn)
Scrolls
 e - a scroll of noise {unknown}
 f - a scroll of teleportation {unknown}
 i - 2 scrolls of remove curse {unknown}
Potions
 c - 2 potions of blood
 h - a potion of haste {unknown}
 j - a potion of flight {unknown}
 k - a potion of degeneration {unknown}
 l - a potion of cancellation {unknown}
 m - a potion of invisibility {unknown}
Books
 b - a book of Necromancy

   Spells                             Type                      Level
   a - Pain                           Necromancy                   1
   b - Animate Skeleton               Necromancy                   1
   c - Vampiric Draining              Necromancy                   3
   d - Regeneration                   Charms/Necromancy            3
   e - Animate Dead                   Necromancy                   4
   f - Control Undead                 Necromancy                   4


   Skills:
 - Level 2.1 Dodging
 - Level 3.0 Stealth
 + Level 2.6 Spellcasting
 * Level 5.4 Necromancy


You had 5 spell levels left.
You knew the following spells:

 Your Spells              Type           Power        Failure   Level  Hunger
a - Pain                  Necr           ###.         1%          1    #......
q - Animate Skeleton      Necr           N/A          1%          1    #......


Dungeon Overview and Level Annotations

Branches:
Dungeon (2/15)

Altars:
Cheibriados


Innate Abilities, Weirdness & Mutations

You have razor-sharp teeth.
You have supernaturally acute eyesight.
You can survive without breathing.


Message History

You feel sick. The adder barely misses you.
You feel sick. The adder closely misses you.
You feel sick. The adder bites you.
* * * LOW HITPOINT WARNING * * *
Casting: Pain
Confirm with . or Enter, or press ? or * to list all spells.
Aiming: Pain
Press: ? - help, Shift-Dir - straight line, f/p - adder
Aim: an adder (severely wounded, chance to defeat MR: 86%)
The adder convulses in agony!
You kill the adder!
Drink which item? (? for menu, Esc to quit)
It was a potion of curing.
You feel better.
You see here an adder corpse.
Welcome back, Tarnath the Vampire Necromancer.
Press ? for a list of commands and other information.
Are you sure you want to abandon this character and quit the game? (Confirm with "yes".)

.# ########...#...# Z#
#...Z..........# >#
#.######...#.#.# .# #.#
##...##.# #
.###.#######.รท###.##.#
#####
.....................# #...
####.########.##..######.##
#.# #(##..#####...# #.#
#...@.....).#.# #.#
####%.........# #.#
##.######.## #.# #.# #...
.# .#. ####.# .# #. # ## ##


There were no monsters in sight!

Vanquished Creatures
  An adder (D:2)
  A worm (D:2)
  2 dart slugs (D:1)
  A giant gecko (D:2)
  A giant cockroach (D:2)
  3 goblins (D:1)
  8 hobgoblins
  4 kobolds
  A ball python (D:1)
  4 bats
  3 giant newts
  6 rats
35 creatures vanquished.

Vanquished Creatures (collateral kills)
  A hobgoblin (D:1)
1 creature vanquished.

Grand Total: 36 creatures vanquished

Notes
Turn   | Place    | Note
--------------------------------------------------------------
     0 | D:1      | Tarnath the Vampire Necromancer began the quest for the Orb.
     0 | D:1      | Reached XP level 1. HP: 13/13 MP: 3/3
    34 | D:1      | Learned a level 1 spell: Animate Skeleton
   353 | D:1      | Reached XP level 2. HP: 17/19 MP: 3/5
   569 | D:1      | Reached skill level 5 in Necromancy
   919 | D:1      | Reached XP level 3. HP: 24/24 MP: 4/6
  1044 | D:2      | Found a snail-covered altar of Cheibriados.
  1370 | D:2      | Upgraded the game from 0.18.0-2-g198d6d4 to 0.18.1-1-g2f07953
  1370 | D:2      | Quit the game

Skill      XL: |  1  2 |
---------------+-------+-----
Necromancy     | 5 |  5.4
Dodging        | |  2.1
Stealth        | |  3.0
Spellcasting   | |  2.6

Action                   || total
-------------------------++-------
Melee: Whip              ||    10
       Bite              ||     1
 Cast: Pain              ||    66
       Animate Skeleton  ||    13
  Use: Potion            ||     2
Armor: Robe              ||     2
Dodge: Dodged            ||    17
